 Dungeon Crawl Stone Soup version 0.28.0-1-gb440e238dd (webtiles) character file.

Game seed: 14827982907782140097

6201 Bamboolord the Zephyrmancer (level 10, -5/50 HPs)
             Began as a Tengu Air Elementalist on Feb 25, 2022.
             Was a Believer of Vehumet.
             Shot with an arrow by a centaur warrior (22 damage)
             ... on level 10 of the Dungeon.
             The game lasted 00:29:20 (13705 turns).

Bamboolord the Zephyrmancer (TeAE)                 Turns: 13705, Time: 00:29:20

Health: -5/50      AC:  5    Str:  8    XL:     10   Next: 91%
Magic:  20/24      EV: 18    Int: 19    God:    Vehumet [**....]
Gold:   570        SH:  0    Dex: 16    Spells: 13/27 levels left

rFire   . . .      SeeInvis +   E - +8 mace of Equivalence {flame, SInv}
rCold   + . .      Faith    .   (no shield)
rNeg    . . .      Spirit   .   a - +0 robe
rPois   .          Reflect  .   e - +0 hat
rElec   .          Harm     .   c - +2 cloak
rCorr   .          Rampage  .   (no gloves)
Will    +....                   (boots unavailable)
Stlth   ++........              (no amulet)
HPRegen 0.16/turn               n - ring of protection from cold
MPRegen 0.19/turn               B - ring of willpower

@: swift, flying quickly and evasively, very quick
A: beak, talons 3, nimble flight
a: Renounce Religion


You were on level 10 of the Dungeon.
You worshipped Vehumet.
Vehumet was pleased with you.
You visited 2 branches of the dungeon, and saw 11 of its levels.

You collected 570 gold pieces.

Inventory:

Hand Weapons
 E - the +8 mace of Equivalence (weapon) {flame, SInv}
   (You found it on level 10 of the Dungeon)

   It burns those it strikes, dealing additional fire damage.
   SInv:      It lets you see invisible.
Missiles
 k - 5 atropa-tipped darts
Armour
 a - a +0 robe (worn)
 b - a scarf of shadows
 c - a +2 cloak (worn)
 e - a +0 hat (worn)
Jewellery
 m - a +6 ring of dexterity
 n - a ring of protection from cold (left hand)
 B - a ring of willpower (right hand)
 D - a ring of fire
Wands
 p - a wand of mindburst (12)
 s - a wand of polymorph (13)
 w - a wand of iceblast (9)
Scrolls
 d - a scroll of amnesia {unknown}
 l - a scroll of enchant weapon
 q - 4 scrolls of brand weapon
 u - a scroll of blinking
 v - a scroll of magic mapping
 y - a scroll of fog
 C - a scroll of summoning {unknown}
Potions
 f - 2 potions of magic {unknown}
 g - 2 potions of heal wounds {unknown}
 h - a potion of cancellation {unknown}
 i - 3 potions of lignification {unknown}
 j - 3 potions of brilliance {unknown}
 o - a potion of resistance {unknown}
 r - 2 potions of haste {unknown}
 t - a potion of ambrosia {unknown}
 x - a potion of might {unknown}
 A - 2 potions of flight {unknown}


   Skills:
 * Level 6.3 Dodging
 + Level 2.8 Stealth
 * Level 9.2 Spellcasting
 * Level 8.0 Conjurations
 * Level 13.2 Air Magic


You had 13 spell levels left.
You knew the following spells:

 Your Spells              Type           Power      Damage    Failure   Level
a - Shock                 Conj/Air       100%       1d9       1%          1
b - Static Discharge      Conj/Air       49%        N/A       1%          2
c - Swiftness             Air            56%        N/A       1%          3
d - Airstrike             Air            28%        N/A       1%          4
e - Searing Ray           Conj           78%        2d7       1%          2
f - Poisonous Vapours     Pois/Air       66%        N/A       1%          2

Your spell library contained the following spells:

 Spells                   Type           Power      Damage    Failure   Level
 Magic Dart               Conj           100%       1d8       1%          1
 Mephitic Cloud           Conj/Pois/Air  35%        N/A       1%          3
 Stone Arrow              Conj/Erth      48%        3d10      4%          3
 Ensorcelled Hibernation  Hex/Ice        16%        N/A       12%         2
 Sublimation of Blood     Necr           8%         N/A       12%         2
 Wereblood                Tmut           8%         N/A       12%         2
 Freezing Cloud           Conj/Ice/Air   17%        6-21      12%         5
 Fulminant Prism          Conj/Hex       12%        3d9       16%         4
 Gell's Gravitas          Tloc           8%         N/A       24%         3
 Ignite Poison            Fire/Tmut/Pois 8%         N/A       24%         3
 Inner Flame              Hex/Fire       8%         N/A       24%         3
 Teleport Other           Tloc           8%         N/A       24%         3
 Animate Armour           Summ/Erth      16%        N/A       63%         4
 Dispersal                Tloc           4%         N/A       100%        6
 Haunt                    Necr/Summ      4%         N/A       100%        7
 Summon Hydra             Summ           4%         N/A       100%        7
 Discord                  Hex            4%         N/A       100%        8
 Lehudib's Crystal Spear  Conj/Erth      12%        10d4      100%        8


Dungeon Overview and Level Annotations

Branches:
Dungeon (10/15)            Temple (1/1) D:4             Orc (0/2) D:10
   Lair: D:8-11

Altars:
Ashenzari
Dithmenos
Elyvilon
Makhleb
Nemelex Xobeh
Okawaru
Qazlal
Ru
Vehumet
Zin

Shops:
D:9 *


Innate Abilities, Weirdness & Mutations

You have a beak for a mouth.
You have claws for feet.
Your magical nature lets you fly swiftly and evasively.


Message History

The centaur warrior shoots an arrow.
The arrow hits you!
* * * LOW HITPOINT WARNING * * *
You see here a howler monkey corpse.
The centaur warrior unwields a +0 longbow.
The centaur warrior hits you but does no damage.
The centaur warrior misses you.
You feel better. The centaur warrior barely misses you.
The centaur warrior misses you. The centaur warrior hits you!
* * * LOW HITPOINT WARNING * * *
The centaur warrior closely misses you.
You feel better. The centaur warrior misses you.
The centaur warrior barely misses you.
As you read the scroll of teleportation, it crumbles to dust.
You feel strangely unstable. The centaur warrior hits you.
* * * LOW HITPOINT WARNING * * *
The centaur warrior barely misses you.
A shadow comes into view.
The centaur warrior barely misses you.
The centaur warrior kicks you but does no damage.
You feel better. The centaur warrior misses you.
The centaur warrior closely misses you.
Casting: Searing Ray (safe; 1% risk of failure)
Confirm with . or Enter, or press ? or * to list all spells.
You feel quick. The centaur warrior closely misses you.
The centaur warrior barely misses you. The centaur warrior hits you.
* * * LOW HITPOINT WARNING * * *
The centaur warrior kicks you but does no damage.
Unknown command.
The centaur warrior wields a +0 longbow.
The centaur warrior shoots an arrow.
The arrow barely misses you.
You see here a howler monkey corpse.
The shadow slips into darkness.
The shadow flickers and vanishes for a moment.
Your surroundings suddenly seem different.
Found a scroll labelled WIWNAW GOWNEODU.
d - a scroll labelled WIWNAW GOWNEODU You start resting.
A centaur warrior is nearby!
The centaur warrior shoots an arrow.
The arrow hits you!!
You die...

..............................#
..............#......##.......#
#####...###.#.#.#...###.......#
#...# #.#......## #.......#
#...# #.###.#.## #########
#...# #.# #.#.# #...# #..
..#c##### ##.## #######.....#.
.. #..@....... .#####........#.
..............# .#####........#
#......### #......# #.#.##.#
#.#.# .# #.#.# #


You could see a centaur warrior.

Vanquished Creatures
  3 two-headed ogres (D:9)
  Prince Ribbit (D:9)
  A wyvern (D:9)
  4 yaks
  Menkaure (D:6)
  Edmund (D:6)
  A water moccasin (D:5)
  A sky beast (D:7)
  2 ice beasts (D:5)
  2 orc warriors
  2 black bears
  An ogre (D:7)
  2 necrophages
  The ghost of Labrat the Conjurer, an amateur DgCj (D:4)
  A centaur (D:8)
  2 phantoms
  A kobold brigand (D:9)
  2 bullfrogs
  2 scorpions (D:4)
  3 killer bees (D:9)
  6 howler monkeys
  7 wights
  3 centaur zombies
  5 hounds
  2 orc priests
  2 jellies
  A centaur skeleton (D:6)
  A gnoll shaman (D:7)
  Ijyb (D:5)
  4 iguanas
  Terence (D:3)
  6 orc wizards
  A scorpion zombie (D:5)
  A killer bee zombie (D:9)
  A hound zombie (D:5)
  A howler monkey zombie (D:9)
  A howler monkey skeleton (D:4)
  3 gnolls (D:7)
  8 adders
  A shadow imp (D:5)
  2 white imps
  2 ufetubi (D:5)
  2 worms (D:4)
  A dart slug (D:4)
  17 orcs
  5 ball pythons
  5 bats
  3 endoplasms
  3 giant cockroaches
  9 goblins
  6 hobgoblins
  14 kobolds
  2 quokkas (D:2)
  4 frilled lizards
  7 rats
  A spectral hobgoblin (D:1)
173 creatures vanquished.

Vanquished Creatures (others)
  11 fungi (D:5)
  5 toadstools (D:5)
16 creatures vanquished.

Grand Total: 189 creatures vanquished

Notes
Turn   | Place    | Note
-------+----------+-------------------------------------------
     0 | D:1      | Bamboolord the Tengu Air Elementalist began the quest for
                  | the Orb.
     0 | D:1      | Reached XP level 1. HP: 10/10 MP: 4/4
   188 | D:1      | Found a faded altar of an unknown god.
   509 | D:1      | Reached XP level 2. HP: 11/14 MP: 3/6
   513 | D:1      | Learned a level 2 spell: Static Discharge
  1008 | D:1      | Reached XP level 3. HP: 19/19 MP: 1/7
  1315 | D:1      | Reached skill level 5 in Air Magic
  1505 | D:1      | Learned a level 3 spell: Swiftness
  2521 | D:3      | Reached XP level 4. HP: 24/24 MP: 6/8
  2545 | D:3      | Noticed Terence
  2568 | D:3      | Killed Terence
  3562 | D:3      | Gained mutation: Your magical nature lets you fly swiftly
                  | and evasively. [Tengu growth]
  3562 | D:3      | Reached XP level 5. HP: 28/28 MP: 7/10
  3697 | D:4      | Found a staircase to the Ecumenical Temple.
  4019 | D:4      | Reached skill level 6 in Air Magic
  4170 | Temple   | Entered the Ecumenical Temple
  4280 | Temple   | Became a worshipper of Vehumet
  4312 | D:4      | Learned a level 4 spell: Airstrike
  4449 | D:4      | Reached XP level 6. HP: 32/32 MP: 6/12
  4578 | D:4      | Noticed Labrat's ghost (amateur DgCj)
  4598 | D:4      | Found a runed translucent gate.
  4598 | D:4      | Found a runed translucent gate.
  4598 | D:4      | Found a runed translucent gate.
  5146 | D:4      | Reached XP level 7. HP: 23/36 MP: 2/13
  5452 | D:5      | Entered Level 5 of the Dungeon
  5565 | D:4      | Reached * piety under Vehumet
  5565 | D:4      | Offered knowledge of Sandblast by Vehumet.
  5841 | D:5      | Reached skill level 7 in Air Magic
  6367 | D:5      | Reached skill level 5 in Conjurations
  6367 | D:5      | Reached XP level 8. HP: 41/41 MP: 9/16
  6497 | D:5      | Reached skill level 5 in Spellcasting
  6601 | D:5      | Noticed Ijyb
  6608 | D:5      | Killed Ijyb
  6609 | D:5      | Reached skill level 8 in Air Magic
  7100 | D:4      | Killed Labrat's ghost
  7293 | D:6      | Noticed Edmund
  7331 | D:6      | Killed Edmund
  7621 | D:6      | Reached skill level 9 in Air Magic
  7678 | D:6      | Noticed Menkaure
  7685 | D:6      | Killed Menkaure
  7685 | D:6      | Offered knowledge of Scorch by Vehumet.
  7686 | D:6      | Reached XP level 9. HP: 35/45 MP: 13/19
  7975 | D:6      | Learned a level 2 spell: Searing Ray
  7994 | D:6      | Reached ** piety under Vehumet
  8425 | D:6      | Found a burning altar of Makhleb.
  8685 | D:6      | Reached skill level 5 in Dodging
  8791 | D:7      | Reached skill level 10 in Air Magic
  9226 | D:7      | Got the Incunabulum of Enchanting Creation
  9965 | D:8      | Reached skill level 11 in Air Magic
 10272 | D:7      | Reached XP level 10. HP: 37/50 MP: 0/22
 11253 | D:9      | Noticed a two-headed ogre
 11274 | D:9      | Killed a two-headed ogre
 11275 | D:9      | Reached skill level 12 in Air Magic
 11579 | D:9      | Noticed a two-headed ogre
 11580 | D:9      | Noticed a two-headed ogre
 11680 | D:9      | Killed a two-headed ogre
 11844 | D:9      | Killed a two-headed ogre
 12106 | D:9      | Found Becem's General Store.
 12153 | D:9      | Noticed Prince Ribbit
 12205 | D:9      | Killed Prince Ribbit
 12206 | D:9      | Reached skill level 13 in Air Magic
 12382 | D:9      | Offered knowledge of Poisonous Vapours by Vehumet.
 12386 | D:9      | Learned a level 2 spell: Poisonous Vapours
 13503 | D:10     | Entered Level 10 of the Dungeon
 13549 | D:10     | Found a staircase to the Orcish Mines.
 13583 | D:10     | Identified the +8 mace of Equivalence {flame, SInv}
 13680 | D:10     | Noticed a centaur warrior
 13705 | D:10     | Shot with an arrow by a centaur warrior

Illustrated notes

Levels and vault maps discovered:
D:1:      evilmike_arrival_hilbert_curve, layout_loops_ring,
          dreamdust_ecumenical_altar_drowned_temple
D:2:      layout_basic, minivault_24
D:3:      layout_basic, uniq_terence
D:4:      minmay_angry_zag, layout_basic, minmay_temple_entry_glass,
          gammafunk_ghost_split, nicolae_concentric_dashed_squares_mild,
          minmay_checkerbox
D:5:      layout_basic, minmay_gold_behind_fungi, hangedman_minor_gate_pass,
          uniq_ijyb
D:6:      layout_basic, mainiacjoe_overflow_small_starburst, uniq_menkaure,
          uniq_edmund
D:7:      layout_gridville
D:8:      layout_basic
D:9:      layout_layer_cave, serial_shops, nicolae_shop_waterfront,
          uniq_prince_ribbit1
D:10:     layout_loops_cross, orc_0_dummy
Temple:   roderic_octagonal_lattice_temple

Skill      XL: |  1  2  3  4  5  6  7  8  9 10 |
---------------+-------------------------------+-----
Air Magic      | 5 6 7 9 11 13 | 13.2
Conjurations   | 2 3 4 5 6 7 8 |  8.0
Spellcasting   | 3 4 6 7 9 |  9.2
Dodging        | 3 4 5 6 |  6.3
Stealth        | |  2.8

Action                   |  1- 3 |  4- 6 |  7- 9 | 10-12 || total
-------------------------+-------+-------+-------+-------++-------
Melee: Unarmed           |     5 |       |     7 |       ||    12
       Kick              |     3 |       |     4 |       ||     7
       Peck              |       |       |     3 |     1 ||     4
       Punch             |       |       |     1 |       ||     1
       Mace              |       |       |       |     5 ||     5
 Cast: Shock             |    75 |    67 |   123 |     6 ||   271
       Static Discharge  |     3 |    26 |    54 |     3 ||    86
       Airstrike         |       |       |    49 |    50 ||    99
       Searing Ray       |       |       |       |     6 ||     6
       Swiftness         |       |       |       |     1 ||     1
  Use: Scroll            |     2 |       |     5 |     4 ||    11
       Potion            |       |       |       |     3 ||     3
Armor: Robe              |     3 |     8 |    10 |     5 ||    26
Dodge: Dodged            |     7 |    12 |    65 |    35 ||   119
